 Dungeon Crawl Stone Soup version 0.30-a0-1157-g2cc9ac7196 (webtiles) character file.

Game seed: 3375568680858061044

761 Sobieck the Arsonist (level 7, -4/36 HPs)
             Began as a Deep Elf Venom Mage on Apr 24, 2023.
             Engulfed by a steam dragon's steam (5 damage)
             ... on level 6 of the Dungeon.
             The game lasted 00:11:25 (6485 turns).

Sobieck the Arsonist (Deep Elf Venom Mage)          Turns: 6485, Time: 00:11:26

Health: -4/36      AC:  7    Str:  5    XL:     7   Next: 51%
Magic:  7/15       EV: 12    Int: 28    God:
Gold:   342        SH:  5    Dex: 15    Spells: 9/14 levels left

rFire   . . .        d - +1 dagger (spect) {short}
rCold   . . .        (no shield)
rNeg    . . .        a - +0 robe
rPois   .            W - +0 helmet
rElec   .            (no cloak)
rCorr   .            R - +1 pair of gloves {hurl}
SInv    .            q - +1 pair of boots
Will    .....        t - amulet of reflection
Stlth   ++           J - +6 ring of intelligence
HPRegen 0.26/turn    (no ring)
MPRegen 0.14/turn

%: reflection
@: no status effects
A: no striking features
a: no special abilities


You were on level 6 of the Dungeon.
You visited 1 branch of the dungeon, and saw 6 of its levels.

You collected 342 gold pieces.


   Skills:
 - Level 2.4 Dodging
 - Level 2.4 Stealth
 - Level 4.0 Spellcasting
 - Level 1.1 Transmutations
 + Level 8.6 Fire Magic
 - Level 3.8 Poison Magic


You had 9 spell levels left.
You knew the following spells:

 Your Spells              Type           Power      Damage    Failure   Level
a - Sting                 Tmut/Pois      76%        1d6       2%          1
b - Foxfire               Conj/Fire      100%       2x1d9     1%          1
c - Inner Flame           Hex/Fire       29%        N/A       3%          3

Your spell library contained the following spells:

 Spells                   Type           Power      Damage    Failure   Level
 Poisonous Vapours        Pois/Air       32%        N/A       4%          2
 Mephitic Cloud           Conj/Pois/Air  12%        N/A       13%         3
 Olgreb's Toxic Radiance  Pois           27%        N/A       16%         4
 Fireball                 Conj/Fire      14%        3d8       34%         5
 Yara's Violent Unravell  Hex/Tmut       4%         3d4       86%         5
 Plasma Beam              Fire/Air       14%        2x1d28    89%         6
 Starburst                Conj/Fire      14%        6d6       89%         6
 Enfeeble                 Hex            2%         N/A       100%        7

Inventory:

Hand Weapons
 c - a +0 club {mace}
   (You took it off a kobold on level 1 of the Dungeon)
 d - a +1 spectral dagger (weapon) {short}
   (You took it off a kobold on level 1 of the Dungeon)
 e - a +0 short sword {short}
   (You took it off a kobold on level 1 of the Dungeon)
Missiles
 g - 40 stones {throwing}
 r - a throwing net {=f!fthrowing}
 A - 7 poisoned darts {throwing}
 M - a boomerang {throwing}
Armour
 a - a +0 robe (worn)
 i - a +0 robe
   (You found it on level 1 of the Dungeon)
 m - a +0 scale mail
   (You found it on level 1 of the Dungeon)
 o - a +0 robe
   (You found it on level 5 of the Dungeon)
 q - a +1 pair of boots (worn)
   (You found it on level 4 of the Dungeon)
 y - a +0 ring mail
   (You took it off an orc on level 3 of the Dungeon)
 B - a +0 ring mail
   (You took it off Terence on level 3 of the Dungeon)
 C - a +0 chain mail
   (You found it on level 3 of the Dungeon)
 D - a +0 leather armour
   (You found it on level 4 of the Dungeon)
 F - a +0 chain mail
   (You found it on level 4 of the Dungeon)
 K - a +0 leather armour
   (You took it off an orc priest on level 5 of the Dungeon)
 L - a +0 robe
   (You took it off an orc wizard on level 5 of the Dungeon)
 N - a +0 ring mail
   (You found it on level 5 of the Dungeon)
 P - a +0 leather armour
   (You found it on level 5 of the Dungeon)
 Q - a +0 ring mail
   (You took it off an orc on level 5 of the Dungeon)
 R - a +1 pair of gloves of hurling (worn)
   (You found it on level 5 of the Dungeon)
 S - a +0 scale mail
   (You found it on level 6 of the Dungeon)
 T - a +0 robe
   (You took it off an orc wizard on level 6 of the Dungeon)
 U - a +0 robe
   (You took it off an orc wizard on level 6 of the Dungeon)
 V - a +0 robe
   (You took it off an orc wizard on level 6 of the Dungeon)
 W - a +0 helmet (worn)
   (You found it on level 6 of the Dungeon)
 X - a +0 leather armour
   (You took it off a gnoll bouda on level 6 of the Dungeon)
Jewellery
 f - an amulet of faith {!P}
   (You found it on level 4 of the Dungeon)
 t - an amulet of reflection (around neck)
   (You found it on level 2 of the Dungeon)
 J - a +6 ring of intelligence (left hand)
   (You found it on level 5 of the Dungeon)
Wands
 z - a wand of flame (20)
   (You found it on level 3 of the Dungeon)
 E - a wand of roots (8)
   (You found it on level 4 of the Dungeon)
Scrolls
 l - a scroll of vulnerability {!r!r}
 p - a scroll of enchant armour
 v - a scroll of teleportation {@r4}
 H - a scroll of noise {unknown}
 I - a scroll of poison {unknown}
Potions
 b - a potion of magic
 h - 3 potions of brilliance
 j - 3 potions of haste {@q3}
 k - 2 potions of attraction {!q}
 n - 2 potions of mutation {!q}
 s - a potion of curing {@q1}
 u - a potion of cancellation
 w - a potion of might {unknown}
 x - a potion of ambrosia
 G - a potion of lignification {unknown}
 O - a potion of heal wounds {unknown}
 Y - a potion of flight {unknown}

Dungeon Overview and Level Annotations

Branches:
Dungeon (6/15) Zot: 26231
 Temple: D:4-7

Altars:
Cheibriados
Wu Jian

Shops:
D:3 =

Annotations:
D:3 1 transporter, Grinder; hgbash's ghost, amateur OpCj
D:5 2 transporters, kougar's ghost, novice DECj

#### ..#######
#v.<..... #@D#
#§v# #..# #..#
#.####..#
#.......#
#######.#######
..............#
#######.#####.#
########


You could see a steam dragon (very poisoned, catching breath, ally target).


Message History

You conjure some foxfire!
You are out of magic!
You are out of magic!
Unknown command.
The foxfire hits the gnoll. x2
Unknown command.
Unknown command.
Danger!
Unknown command.
You conjure some foxfire!
You conjure some foxfire!
The foxfire hits the gnoll.
The foxfire hits the gnoll but does no damage.
The foxfire hits the gnoll.
You kill the gnoll!
Unknown command.
You see here a +0 halberd {polearm}.
X - a +0 leather armour
Items here: ))) †.
Found a stone staircase leading up.
Unknown command.
Y - an inky potion A steam dragon comes into view.
Danger!
Unknown command.
You conjure some foxfire!
The steam dragon hisses angrily.
The steam dragon breathes steam at you. The ball of steam hits your foxfire.
Your foxfire resists.
The ball of steam misses you.
You conjure some foxfire!
You are engulfed in a cloud of scalding steam.
You conjure some foxfire!
You are engulfed in a cloud of scalding steam.
The foxfire hits the steam dragon!
Unknown command.
You are too injured to fight recklessly!
You are too injured to fight recklessly!
Unknown command.
You are too injured to fight recklessly!
You are engulfed in a cloud of scalding steam.
The foxfire hits the steam dragon but does no damage. x2
The foxfire hits the steam dragon.
The steam dragon breathes steam at you. The ball of steam misses you.
Unknown command.
You are too injured to fight recklessly!
You are too injured to fight recklessly!
Unknown command.
You are too injured to fight recklessly!
Unknown command.
Casting: Foxfire (safe; 1% risk of failure)
Confirm with . or Enter, or press ? or * to list all spells.
Aiming: Sting (safe; 2% risk of failure)
Press: ? - help, Shift-Dir - straight line, f - steam dragon
Aim: a steam dragon (moderately wounded, catching its breath, 74% to hit)
The sting hits the steam dragon but does no damage.
The steam dragon is poisoned.
You are engulfed in a cloud of scalding steam.
Unknown command.
Casting: Sting (safe; 2% risk of failure)
Confirm with . or Enter, or press ? or * to list all spells.
Aiming: Sting (safe; 2% risk of failure)
Press: ? - help, Shift-Dir - straight line, f/p - steam dragon
Aim: a steam dragon (moderately wounded, poisoned, catching its breath, 74% to hit)
The sting misses the steam dragon.
You are engulfed in a cloud of scalding steam.
Unknown command.
Casting: Sting (safe; 2% risk of failure)
Confirm with . or Enter, or press ? or * to list all spells.
Aiming: Sting (safe; 2% risk of failure)
Press: ? - help, Shift-Dir - straight line, f/p - steam dragon
Aim: a steam dragon (heavily wounded, poisoned, catching its breath, 74% to hit)
The sting hits the steam dragon.
The steam dragon looks even sicker.
The steam dragon bites you.
The steam dragon claws you but does no damage.
Unknown command.
Unknown command.
Casting: Sting (safe; 2% risk of failure)
Confirm with . or Enter, or press ? or * to list all spells.
Aiming: Sting (safe; 2% risk of failure)
Press: ? - help, Shift-Dir - straight line, f/p - steam dragon
Aim: a steam dragon (heavily wounded, very poisoned, 74% to hit)
The sting misses the steam dragon.
The steam dragon bites you!
* * * LOW HITPOINT WARNING * * *
The steam dragon claws you but does no damage.
Unknown command.
Casting: Sting (safe; 2% risk of failure)
Confirm with . or Enter, or press ? or * to list all spells.
You conjure some foxfire!
The steam dragon closely misses you.
The steam dragon claws you but does no damage.
The foxfire hits the steam dragon. x2
The steam dragon breathes steam at you. The ball of steam hits you!
* * * LOW HITPOINT WARNING * * *
Casting: Foxfire (safe; 1% risk of failure)
Confirm with . or Enter, or press ? or * to list all spells.
You conjure some foxfire!
You are engulfed in a cloud of scalding steam.
You die...

Skill      XL: |  1  2  3  4  5  6  7 |
---------------+----------------------+-----
Fire Magic     | 2 3 4 6 7 8 |  8.6
Spellcasting   | 4 |  4.0
Dodging        | |  2.4
Stealth        | |  2.4
Transmutations | |  1.1
Poison Magic   | |  3.8

Action                     |  1- 3 |  4- 6 |  7- 9 || total
---------------------------+-------+-------+-------++-------
  Melee: Dagger            |     1 |       |       ||     1
   Cast: Sting             |    43 |    15 |     6 ||    64
         Foxfire           |    18 |   159 |    42 ||   219
         Inner Flame       |       |       |     1 ||     1
    Use: Scroll            |       |    14 |       ||    14
 Armour: Robe              |     3 |     7 |     5 ||    15
  Dodge: Dodged            |    22 |    30 |     4 ||    56
  Block: Other             |     1 |    14 |     1 ||    16

Levels and vault maps discovered:
D:1:      ebering_trefoil_twist, layout_loops_cross,
          wander_ebering_terrifying_dragon_lair
D:2:      layout_basic, basic_altar, dk_noncrumbling_3
D:3:      layout_basic, serial_shops, nicolae_shop_advertising_works
          [nicolae_subvault_shop_adworks], gammafunk_ghost_smash,
          kennysheep_generic_room_14, uniq_natasha, uniq_grinder, uniq_terence
D:4:      layout_basic
D:5:      layout_cave_pools, old_standard_altar, gammafunk_ghost_gnarly_gnolls
D:6:      layout_loops_ring, mainiacjoe_overflow_large_starburst

Notes
Turn   | Place    | Note
-------+----------+-------------------------------------------
     0 | D:1      | Sobieck the Deep Elf Venom Mage began the quest for the
                  | Orb.
     0 | D:1      | Reached XP level 1. HP: 10/10 MP: 6/6
   236 | D:1      | You pick up a book of Fire and begin reading...
   236 | D:1      | You add the spells Foxfire, Fireball, Plasma Beam and
                  | Starburst to your library.
   239 | D:1      | Learned a level 1 spell: Foxfire
   260 | D:1      | Reached XP level 2. HP: 15/15 MP: 4/8
   339 | D:1      | Reached skill level 1 in Fire Magic
   958 | D:1      | Reached skill level 2 in Fire Magic
  1082 | D:2      | Reached XP level 3. HP: 19/19 MP: 5/9
  1193 | D:2      | Reached skill level 3 in Fire Magic
  1257 | D:2      | Found an ornate altar of the Wu Jian Council.
  2101 | D:3      | Reached XP level 4. HP: 24/24 MP: 5/10
  2209 | D:3      | Noticed Terence
  2273 | D:3      | Found Vaeneich's Jewellery Shop.
  2292 | D:3      | You pick up a book of Misfortune and begin reading...
  2292 | D:3      | You add the spells Inner Flame, Yara's Violent Unravelling
                  | and Enfeeble to your library.
  2325 | D:3      | Noticed Natasha
  2338 | D:3      | Killed Natasha
  2339 | D:3      | Reached skill level 4 in Fire Magic
  2615 | D:3      | Noticed Natasha
  2626 | D:2      | Killed Natasha
  2627 | D:2      | Reached XP level 5. HP: 11/28 MP: 2/11
  2767 | D:3      | Noticed Grinder
  2786 | D:3      | Reached skill level 5 in Fire Magic
  3035 | D:3      | Found a transporter.
  3036 | D:3      | Noticed hgbash's ghost (amateur OpCj)
  3050 | D:3      | Noticed an ogre
  3327 | D:3      | Killed Terence
  4231 | D:4      | Noticed an ogre
  4241 | D:4      | Killed an ogre
  4242 | D:4      | Reached skill level 4 in Spellcasting
  4242 | D:4      | Reached skill level 6 in Fire Magic
  4242 | D:4      | Reached XP level 6. HP: 32/32 MP: 5/14
  4950 | D:5      | Entered Level 5 of the Dungeon
  5302 | D:5      | Found a transporter.
  5343 | D:5      | Reached skill level 7 in Fire Magic
  5417 | D:5      | Noticed kougar's ghost (novice DECj)
  5445 | D:5      | Found a transporter.
  5629 | D:5      | Found a snail-covered altar of Cheibriados.
  5891 | D:6      | Reached XP level 7. HP: 36/36 MP: 11/15
  6209 | D:6      | Reached skill level 8 in Fire Magic
  6304 | D:6      | Learned a level 3 spell: Inner Flame
  6474 | D:6      | Noticed a steam dragon
  6484 | D:6      | HP: 1/36 [steam dragon/ball of steam (14)]
  6485 | D:6      | Engulfed by a steam dragon's steam

Vanquished Creatures
  An ogre (D:4)
  A scorpion (D:6)
  A howler monkey (D:6)
  2 hounds
  An orc priest (D:5)
  A gnoll bouda (D:6)
  Terence (D:3)
  An iguana (D:6)
  Natasha (twice) (D:3 D:2)
  4 orc wizards
  4 gnolls (D:6)
  13 adders
  A shadow imp (D:5)
  A white imp (D:6)
  A worm (D:3)
  13 orcs
  5 ball pythons
  3 bats
  4 endoplasms
  3 giant cockroaches
  4 goblins
  5 hobgoblins
  4 jackals (D:5)
  7 kobolds
  2 quokkas
  4 frilled lizards (D:1)
  3 rats
92 creatures vanquished.

Vanquished Creatures (others)
  365 foxfires
  6 plants (D:5)
371 creatures vanquished.

Grand Total: 463 creatures vanquished

Table legend:
 A = Non-vault XP
 B = Vault XP
 C = Vault XP percentage of total XP
 D = Non-vault monster count
 E = Vault monster count
 F = Vault count percentage of total count
                 A         B        C        D         E       F
            +---------+---------+-------+---------+---------+-------
      Total |    1013 |      75 |   6.9 |      89 |       3 |   3.3
            +---------+---------+-------+---------+---------+-------
        D:1 |      34 |       1 |   2.9 |      20 |       1 |   4.8
        D:2 |     100 |       0 |   0.0 |      12 |       0 |   0.0
        D:3 |      94 |      74 |  44.0 |      16 |       2 |  11.1
        D:4 |     197 |       0 |   0.0 |      15 |       0 |   0.0
        D:5 |     155 |       0 |   0.0 |      12 |       0 |   0.0
        D:6 |     433 |       0 |   0.0 |      14 |       0 |   0.0
            +---------+---------+-------+---------+---------+-------

Skill      XL: |  1  2  3  4  5  6  7 |
---------------+----------------------+-----
Fire Magic     | 2 3 4 6 7 8 |  8.6
Spellcasting   | 4 |  4.0
Dodging        | |  2.4
Stealth        | |  2.4
Transmutations | |  1.1
Poison Magic   | |  3.8

Action                     |  1- 3 |  4- 6 |  7- 9 || total
---------------------------+-------+-------+-------++-------
  Melee: Dagger            |     1 |       |       ||     1
   Cast: Sting             |    43 |    15 |     6 ||    64
         Foxfire           |    18 |   159 |    42 ||   219
         Inner Flame       |       |       |     1 ||     1
    Use: Scroll            |       |    14 |       ||    14
 Armour: Robe              |     3 |     7 |     5 ||    15
  Dodge: Dodged            |    22 |    30 |     4 ||    56
  Block: Other             |     1 |    14 |     1 ||    16

Illustrated notes

Table legend:
 A = Kills in this place as a percentage of kills in the entire game.
 B = Kills by you in this place as a percentage of kills by you in the entire game.
 C = Kills by friends in this place as a percentage of kills by friends in the entire game.
 D = Other kills in this place as a percentage of other kills in the entire game.
 E = Experience gained in this place as a percentage of experience gained in the entire game.
 F = Experience gained in this place divided by the number of levels of this place that you have seen.
                   A       B       C       D       E      F
               +-------+-------+-------+-------+-------+----------------------
         Total | 100.0 | 100.0 |   N/A |   N/A | 100.0 | 181.3
       Dungeon | 100.0 | 100.0 |   N/A |   N/A | 100.0 | 181.3
               +-------+-------+-------+-------+-------+----------------------

Table legend: (Time is in decaauts)
 A = Elapsed time spent in this place.
 B = Non-inter-level travel time spent in this place.
 C = Inter-level travel time spent in this place.
 D = Time resting spent in this place.
 E = Time spent auto-exploring this place.
 F = Levels seen in this place.
 G = Mean time per level.
                   A        B        C        D        E       F      G
               +--------+--------+--------+--------+--------+-----+--------+
         Total |   6491 |   6254 |    237 |    674 |   4784 |   6 | 1081.8 |
       Dungeon |   6491 |   6254 |    237 |    674 |   4784 |   6 | 1081.8 |
               +--------+--------+--------+--------+--------+-----+--------+

Top non-repeatable levels by time:
     D:3: 1455 daAuts
     D:2: 1330 daAuts
     D:4: 1094 daAuts
     D:1: 1077 daAuts
     D:6: 768 daAuts
     D:5: 765 daAuts
